Connexion

Devils vs Comets

Created - 14 décembre 2023 at 05:47

Goals
1 2 3 T
Devils 2 1 0 3
Comets 1 3 0 4
Shots
1 2 3 T
Devils 20 14 10 44
Comets 11 14 18 43

GoalsPenalties
1st period
1. Devils , Zach Sanford 10 (Sean Kuraly 15, Spencer Foo 18) at 3:01
2. Devils , Sean Kuraly 13 (Spencer Foo 19) at 3:58
3. Comets , Michael Raffl 11 (Trevor Lewis 25, Josh Archibald 24) at 5:00
Josh Archibald (UTI) for Hooking (Minor) at 7:46
Jordan Schmaltz (UTI) for Charging (Minor) at 10:09
Sean Kuraly (BIN) for Roughing (Minor) at 16:42
2nd period
4. Comets , Michael Raffl 12 (Brandon Davidson 17, Trevor Lewis 26) at 7:54
5. Comets , Trevor Lewis 11 (Brandon Davidson 18, Kevin Czucman 16) at 8:16
6. Comets , Brendan Smith 6 (Josh Archibald 25, Michael Raffl 7) at 8:29
7. Devils , Pavel Gogolev 21 (Pierre-Édouard Bellemarre 19) at 19:50
Markus Niemelainen (UTI) for Tripping (Minor) at 4:18
Josh Archibald (UTI) for Holding (Minor) at 9:07
Chris Terry (UTI) for Tripping (Minor) at 12:40
3rd period
No Goal
Brendan Smith (UTI) for Hooking (Minor) at 3:49
Anthony Bitetto (BIN) for Hooking (Minor) at 7:03
Michael Raffl (UTI) for Slashing (Minor) at 18:30
Goalie Stats
Carey Price (BIN), 39 saves from 43 shots - (0,907), L, 18-9-3, 59:37 minutes
Connor Ingram (UTI), 41 saves from 44 shots - (0,932), W, 10-3-3, 60:00 minutes
3 StarsOfficial
1 - Michael Raffl (UTI)
2 - Trevor Lewis (UTI)
3 - Brandon Davidson (UTI)
Referees : Wes McCauley and Ian Walsh
Linesman : Lonnie Cameron and Pierre Racicot
Game Note
No Game Note
Finance
Level 1 -- Attendance: 2000 (100,00%) -- Ticket Income $70,000
Level 2 -- Attendance: 1000 (100,00%) -- Ticket Income $15,000
Total Attendance: 3000 (100,00%)
Total Ticket Income: $85,000
Other Income: $17,000
Total Income: $102,000



Team Name Goals Shots Shots Attemp Shots Blocked PIM HIT PP PK FO%
Devils 3448594240 / 7 (0%)052%
Comets 443811314260 / 2 (0%)048%

Devils
Player Name POS G A P +/- PIM HIT SHT SB MP PP MP PP SHT PK MP PK SHT FO% FOT
Anthony BitettoD0000200010:230:0700:0000% 0
Cal ClutterbuckLW/RW000-102108:550:0000:0000% 1
Carl DahlstromD000-1034023:106:5441:4300% 0
Cole CasselsC000-100208:550:0000:00033% 9
Doyle SomerbyD0000031118:496:2912:1500% 0
Eric RobinsonLW000-100104:180:0000:0000% 1
Kirill MaksimovRW000-101124:180:0000:0000% 0
Mackenzie MacEachernLW000-1022010:230:0001:2800% 3
Marc StaalD0000003326:266:2232:1500% 0
Michael AndersonD000-1022223:366:5411:4300% 0
Paul ByronC/LW/RW0000053020:506:5810:17055% 40
Pavel GogolevLW1010014021:196:5810:4600% 2
Pierre-Édouard BellemarreC/LW/RW0110014020:336:5830:000100% 1
Ryan MurphyD0000010117:350:0000:0000% 0
Samuel HoudeC000-100204:180:0000:00050% 6
Sean KuralyC/LW1121214023:486:2511:33067% 33
Spencer FooRW0221007022:566:2560:4000% 3
Zach SanfordLW1011023025:286:2503:12067% 3
Comets
Player Name POS G A P +/- PIM HIT SHT SB MP PP MP PP SHT PK MP PK SHT FO% FOT
Brandon DavidsonD0222043121:161:2315:1200% 0
Brendan SmithD101-1262525:352:3507:0300% 0
Chase De LeoC/LW000-100209:212:3525:03069% 13
Chris TerryLW/RW000-1225024:532:3517:30067% 3
Cliff PuRW000-101001:430:0000:0000% 0
Dennis YanLW0000021014:190:0002:5000% 0
Derek RyanC000-1003014:590:0000:10052% 21
Frederik GauthierC0000002011:290:0000:00048% 21
Jordan SchmaltzD0000211012:560:0000:5700% 0
Josh ArchibaldRW0223423118:461:2302:4700% 0
Kevin CzucmanD0112000121:301:2305:2600% 0
Logan NelsonC000000000:000:0000:0000% 0
Markus NiemelainenD0000230011:590:0000:0000% 0
Matt BartkowskiD000-1004526:412:3528:0800% 0
Michael JolyRW0000002011:290:0000:0000% 0
Michael RafflLW/RW2133214016:001:2300:0000% 0
Oskar LindblomLW/RW000-2038027:332:3528:26143% 21
Trevor LewisC/RW1233013016:011:2310:00035% 23



Play-by-Play

1st period


0:01 of 1st period - Sean Kuraly wins face-off versus Derek Ryan in neutral zone.
0:06 of 1st period - Shot by Spencer Foo.
0:06 of 1st period - Shot Blocked by Matt Bartkowski.
0:14 of 1st period - Shot by Derek Ryan.
0:14 of 1st period - Stopped by Carey Price without a rebound.
0:15 of 1st period - Trevor Lewis wins face-off versus Paul Byron in Devils zone.
0:27 of 1st period - Michael Raffl is hit by Carl Dahlstrom and loses puck.
0:54 of 1st period - Shot by Brandon Davidson.
0:54 of 1st period - Deflect By Trevor Lewis.
0:54 of 1st period - Shot Misses the Net.
1:01 of 1st period - Icing by Carl Dahlstrom.
1:02 of 1st period - Derek Ryan wins face-off versus Paul Byron in Devils zone.
1:25 of 1st period - Shot by Chris Terry.
1:25 of 1st period - Stopped by Carey Price with a rebound.
1:31 of 1st period - Shot by Matt Bartkowski.
1:31 of 1st period - Stopped by Carey Price with a rebound.
1:38 of 1st period - Oskar Lindblom is hit by Michael Anderson.
1:41 of 1st period - Derek Ryan is hit by Carl Dahlstrom and loses puck.
2:06 of 1st period - Shot by Dennis Yan.
2:06 of 1st period - Deflect By Michael Joly.
2:06 of 1st period - Shot Misses the Net.
2:25 of 1st period - Dennis Yan is hit by Michael Anderson.
2:29 of 1st period - Shot by Michael Joly.
2:29 of 1st period - Shot Misses the Net.
3:01 of 1st period - Shot by Zach Sanford.
3:01 of 1st period - Goal by Zach Sanford - Devils : 1 - Comets : 0.
3:02 of 1st period - Chase De Leo wins face-off versus Cole Cassels in neutral zone.
3:05 of 1st period - Doyle Somerby is hit by Cliff Pu and loses puck.
3:19 of 1st period - Mackenzie MacEachern is hit by Brendan Smith and loses puck.
3:40 of 1st period - Shot by Cole Cassels.
3:40 of 1st period - Shot Misses the Net.
3:58 of 1st period - Shot by Sean Kuraly.
3:58 of 1st period - Goal by Sean Kuraly - Devils : 2 - Comets : 0.
3:59 of 1st period - Frederik Gauthier wins face-off versus Eric Robinson in neutral zone.
4:10 of 1st period - Shot by Jordan Schmaltz.
4:10 of 1st period - Stopped by Carey Price with a rebound.
4:12 of 1st period - Shot by Frederik Gauthier.
4:12 of 1st period - Shot Hit the Post.
4:18 of 1st period - Shot by Frederik Gauthier.
4:18 of 1st period - Shot Misses the Net.
4:22 of 1st period - Shot by Dennis Yan.
4:22 of 1st period - Shot Blocked by Kirill Maksimov.
4:37 of 1st period - Dennis Yan is hit by Ryan Murphy and loses puck.
4:54 of 1st period - Shot by Josh Archibald.
4:54 of 1st period - Shot Blocked by Kirill Maksimov.
4:56 of 1st period - Shot by Michael Raffl.
4:56 of 1st period - Shot Misses the Net.
4:58 of 1st period - Shot by Trevor Lewis.
4:58 of 1st period - Shot Blocked by Ryan Murphy.
5:00 of 1st period - Shot by Michael Raffl.
5:00 of 1st period - Goal by Michael Raffl - Devils : 2 - Comets : 1.
5:01 of 1st period - Derek Ryan wins face-off versus Spencer Foo in neutral zone.
6:01 of 1st period - Cal Clutterbuck is hit by Brendan Smith.
6:14 of 1st period - Shot by Mackenzie MacEachern.
6:14 of 1st period - Stopped by Connor Ingram with a rebound.
6:16 of 1st period - Shot by Cal Clutterbuck.
6:16 of 1st period - Shot Blocked by Matt Bartkowski.
6:18 of 1st period - Shot by Marc Staal.
6:18 of 1st period - Deflect By Mackenzie MacEachern.
6:18 of 1st period - Stopped by Connor Ingram without a rebound.
6:19 of 1st period - Frederik Gauthier wins face-off versus Samuel Houde in Comets zone.
6:24 of 1st period - Shot by Ryan Murphy.
6:24 of 1st period - Deflect By Samuel Houde.
6:24 of 1st period - Shot Misses the Net.
6:26 of 1st period - Shot by Kirill Maksimov.
6:26 of 1st period - Shot Misses the Net.
6:28 of 1st period - Shot by Samuel Houde.
6:28 of 1st period - Stopped by Connor Ingram with a rebound.
6:30 of 1st period - Shot by Ryan Murphy.
6:30 of 1st period - Deflect By Kirill Maksimov.
6:30 of 1st period - Stopped by Connor Ingram without a rebound.
6:31 of 1st period - Pierre-Édouard Bellemarre wins face-off versus Frederik Gauthier in Comets zone.
6:57 of 1st period - Shot by Dennis Yan.
6:57 of 1st period - Shot Misses the Net.
7:28 of 1st period - Spencer Foo is hit by Chris Terry and loses puck.
7:42 of 1st period - Icing by Marc Staal.
7:43 of 1st period - Zach Sanford wins face-off versus Trevor Lewis in Devils zone.
7:43 of 1st period - Zach Sanford is hit by Trevor Lewis.
7:46 of 1st period - Minor Penalty to Josh Archibald for Hooking.
7:47 of 1st period - Oskar Lindblom wins face-off versus Spencer Foo in Comets zone.
7:47 of 1st period - Oskar Lindblom is hit by Zach Sanford.
8:10 of 1st period - Shot by Spencer Foo.
8:10 of 1st period - Stopped by Connor Ingram without a rebound.
8:11 of 1st period - Chris Terry wins face-off versus Paul Byron in Comets zone.
8:11 of 1st period - Chris Terry is hit by Paul Byron.
8:17 of 1st period - Shot by Carl Dahlstrom.
8:17 of 1st period - Stopped by Connor Ingram with a rebound.
8:19 of 1st period - Shot by Pierre-Édouard Bellemarre.
8:19 of 1st period - Shot Misses the Net.
8:21 of 1st period - Shot by Pierre-Édouard Bellemarre.
8:21 of 1st period - Stopped by Connor Ingram without a rebound.
8:22 of 1st period - Oskar Lindblom wins face-off versus Paul Byron in Comets zone.
8:22 of 1st period - Oskar Lindblom is hit by Paul Byron.
8:50 of 1st period - Shot by Marc Staal.
8:50 of 1st period - Stopped by Connor Ingram with a rebound.
9:28 of 1st period - Spencer Foo is hit by Brandon Davidson and loses puck.
9:46 of 1st period - Zach Sanford is hit by Markus Niemelainen and loses puck.
10:09 of 1st period - Minor Penalty to Jordan Schmaltz for Charging.
10:10 of 1st period - Paul Byron wins face-off versus Oskar Lindblom in Comets zone.
10:33 of 1st period - Shot by Paul Byron.
10:33 of 1st period - Deflect By Pavel Gogolev.
10:33 of 1st period - Stopped by Connor Ingram without a rebound.
10:34 of 1st period - Sean Kuraly wins face-off versus Oskar Lindblom in Comets zone.
10:35 of 1st period - Shot by Doyle Somerby.
10:35 of 1st period - Shot Misses the Net.
10:37 of 1st period - Shot by Spencer Foo.
10:37 of 1st period - Stopped by Connor Ingram with a rebound.
10:39 of 1st period - Shot by Marc Staal.
10:39 of 1st period - Stopped by Connor Ingram without a rebound.
10:40 of 1st period - Oskar Lindblom wins face-off versus Sean Kuraly in Comets zone.
11:39 of 1st period - Shot by Carl Dahlstrom.
11:39 of 1st period - Stopped by Connor Ingram without a rebound.
11:40 of 1st period - Paul Byron wins face-off versus Oskar Lindblom in Comets zone.
11:51 of 1st period - Shot by Pierre-Édouard Bellemarre.
11:51 of 1st period - Stopped by Connor Ingram with a rebound.
11:53 of 1st period - Shot by Carl Dahlstrom.
11:53 of 1st period - Shot Misses the Net.
11:55 of 1st period - Shot by Pierre-Édouard Bellemarre.
11:55 of 1st period - Shot Blocked by Brendan Smith.
12:07 of 1st period - Shot by Pavel Gogolev.
12:07 of 1st period - Shot Misses the Net.
12:09 of 1st period - Shot by Pavel Gogolev.
12:09 of 1st period - Shot Blocked by Brandon Davidson.
12:34 of 1st period - Ryan Murphy is hit by Brandon Davidson and loses puck.
12:41 of 1st period - Shot by Cal Clutterbuck.
12:41 of 1st period - Stopped by Connor Ingram with a rebound.
13:16 of 1st period - Icing by Jordan Schmaltz.
13:17 of 1st period - Paul Byron wins face-off versus Frederik Gauthier in Comets zone.
13:40 of 1st period - Pavel Gogolev is hit by Markus Niemelainen and loses puck.
13:56 of 1st period - Paul Byron is hit by Markus Niemelainen.
14:17 of 1st period - Off-side.
14:18 of 1st period - Derek Ryan wins face-off versus Cole Cassels in neutral zone.
14:18 of 1st period - Derek Ryan is hit by Cal Clutterbuck.
14:52 of 1st period - Shot by Cole Cassels.
14:52 of 1st period - Shot Blocked by Brendan Smith.
15:27 of 1st period - Shot by Spencer Foo.
15:27 of 1st period - Shot Blocked by Matt Bartkowski.
15:29 of 1st period - Shot by Sean Kuraly.
15:29 of 1st period - Stopped by Connor Ingram without a rebound.
15:30 of 1st period - Paul Byron wins face-off versus Trevor Lewis in Comets zone.
15:30 of 1st period - Paul Byron is hit by Brandon Davidson.
15:52 of 1st period - Off-side.
15:53 of 1st period - Zach Sanford wins face-off versus Frederik Gauthier in neutral zone.
15:55 of 1st period - Spencer Foo is hit by Jordan Schmaltz and loses puck.
16:00 of 1st period - Shot by Spencer Foo.
16:00 of 1st period - Shot Misses the Net.
16:10 of 1st period - Shot by Spencer Foo.
16:10 of 1st period - Stopped by Connor Ingram without a rebound.
16:11 of 1st period - Paul Byron wins face-off versus Trevor Lewis in Comets zone.
16:25 of 1st period - Shot by Paul Byron.
16:25 of 1st period - Stopped by Connor Ingram without a rebound.
16:26 of 1st period - Frederik Gauthier wins face-off versus Sean Kuraly in Comets zone.
16:42 of 1st period - Minor Penalty to Sean Kuraly for Roughing.
16:43 of 1st period - Chase De Leo wins face-off versus Mackenzie MacEachern in Devils zone.
16:44 of 1st period - Shot by Oskar Lindblom.
16:44 of 1st period - Shot Misses the Net.
16:46 of 1st period - Shot by Oskar Lindblom.
16:46 of 1st period - Shot Misses the Net.
16:48 of 1st period - Shot by Oskar Lindblom.
16:48 of 1st period - Stopped by Carey Price with a rebound.
16:52 of 1st period - Shot by Matt Bartkowski.
16:52 of 1st period - Stopped by Carey Price without a rebound.
16:53 of 1st period - Chase De Leo wins face-off versus Mackenzie MacEachern in Devils zone.
16:53 of 1st period - Chase De Leo is hit by Doyle Somerby.
17:15 of 1st period - Shot by Matt Bartkowski.
17:15 of 1st period - Stopped by Carey Price with a rebound.
17:23 of 1st period - Shot by Oskar Lindblom.
17:23 of 1st period - Stopped by Carey Price without a rebound.
17:24 of 1st period - Paul Byron wins face-off versus Trevor Lewis in Devils zone.
17:34 of 1st period - Icing by Trevor Lewis.
17:35 of 1st period - Trevor Lewis wins face-off versus Mackenzie MacEachern in Comets zone.
17:59 of 1st period - Shot by Brandon Davidson.
17:59 of 1st period - Shot Blocked by Michael Anderson.
18:47 of 1st period - Shot by Michael Joly.
18:47 of 1st period - Stopped by Carey Price without a rebound.
18:48 of 1st period - Frederik Gauthier wins face-off versus Samuel Houde in Devils zone.
18:51 of 1st period - Shot by Frederik Gauthier.
18:51 of 1st period - Stopped by Carey Price with a rebound.
18:59 of 1st period - Dennis Yan is hit by Kirill Maksimov and loses puck.
19:22 of 1st period - Shot by Eric Robinson.
19:22 of 1st period - Shot Hit the Post.
19:24 of 1st period - Shot by Eric Robinson.
19:24 of 1st period - Stopped by Connor Ingram without a rebound.
19:25 of 1st period - Derek Ryan wins face-off versus Paul Byron in Comets zone.
19:25 of 1st period - Derek Ryan is hit by Paul Byron.
19:50 of 1st period - Shot by Derek Ryan.
19:50 of 1st period - Shot Misses the Net.
Goals for this period are 2 for Devils vs 1 for Comets.
Shots for this period are 20 for Devils vs 11 for Comets.

2nd period


0:01 of 2nd period - Sean Kuraly wins face-off versus Chris Terry in neutral zone.
0:03 of 2nd period - Off-side.
0:04 of 2nd period - Sean Kuraly wins face-off versus Derek Ryan in neutral zone.
0:11 of 2nd period - Shot by Marc Staal.
0:11 of 2nd period - Shot Hit the Post.
0:23 of 2nd period - Shot by Spencer Foo.
0:23 of 2nd period - Shot Misses the Net.
0:33 of 2nd period - Shot by Oskar Lindblom.
0:33 of 2nd period - Stopped by Carey Price with a rebound.
0:35 of 2nd period - Shot by Derek Ryan.
0:35 of 2nd period - Stopped by Carey Price without a rebound.
0:36 of 2nd period - Trevor Lewis wins face-off versus Cal Clutterbuck in Devils zone.
0:37 of 2nd period - Shot by Michael Raffl.
0:37 of 2nd period - Stopped by Carey Price with a rebound.
0:56 of 2nd period - Shot by Cole Cassels.
0:56 of 2nd period - Stopped by Connor Ingram without a rebound.
0:57 of 2nd period - Frederik Gauthier wins face-off versus Paul Byron in Comets zone.
1:20 of 2nd period - Shot by Frederik Gauthier.
1:20 of 2nd period - Shot Misses the Net.
1:25 of 2nd period - Icing by Anthony Bitetto.
1:26 of 2nd period - Derek Ryan wins face-off versus Paul Byron in Devils zone.
1:29 of 2nd period - Shot by Chris Terry.
1:29 of 2nd period - Shot Misses the Net.
1:44 of 2nd period - Paul Byron is hit by Brandon Davidson and loses puck.
1:47 of 2nd period - Shot by Pierre-Édouard Bellemarre.
1:47 of 2nd period - Shot Blocked by Kevin Czucman.
2:14 of 2nd period - Brandon Davidson is hit by Sean Kuraly and loses puck.
2:45 of 2nd period - Carl Dahlstrom is hit by Chris Terry and loses puck.
2:51 of 2nd period - Off-side.
2:52 of 2nd period - Samuel Houde wins face-off versus Trevor Lewis in neutral zone.
3:00 of 2nd period - Samuel Houde is hit by Brendan Smith and loses puck.
3:13 of 2nd period - Shot by Trevor Lewis.
3:13 of 2nd period - Shot Misses the Net.
3:17 of 2nd period - Shot by Michael Raffl.
3:17 of 2nd period - Shot Misses the Net.
3:25 of 2nd period - Shot by Josh Archibald.
3:25 of 2nd period - Shot Misses the Net.
3:34 of 2nd period - Shot by Trevor Lewis.
3:34 of 2nd period - Shot Misses the Net.
3:41 of 2nd period - Icing by Carl Dahlstrom.
3:42 of 2nd period - Samuel Houde wins face-off versus Frederik Gauthier in Devils zone.
3:57 of 2nd period - Shot by Zach Sanford.
3:57 of 2nd period - Stopped by Connor Ingram without a rebound.
3:58 of 2nd period - Sean Kuraly wins face-off versus Frederik Gauthier in Comets zone.
4:08 of 2nd period - Icing by Frederik Gauthier.
4:09 of 2nd period - Frederik Gauthier wins face-off versus Cole Cassels in Comets zone.
4:09 of 2nd period - Frederik Gauthier is hit by Mackenzie MacEachern.
4:18 of 2nd period - Minor Penalty to Markus Niemelainen for Tripping.
4:19 of 2nd period - Sean Kuraly wins face-off versus Oskar Lindblom in Comets zone.
4:52 of 2nd period - Shot by Spencer Foo.
4:52 of 2nd period - Stopped by Connor Ingram without a rebound.
4:53 of 2nd period - Paul Byron wins face-off versus Oskar Lindblom in Comets zone.
5:02 of 2nd period - Shot by Michael Anderson.
5:02 of 2nd period - Stopped by Connor Ingram without a rebound.
5:03 of 2nd period - Oskar Lindblom wins face-off versus Paul Byron in Comets zone.
5:08 of 2nd period - Shot by Paul Byron.
5:08 of 2nd period - Shot Misses the Net.
5:28 of 2nd period - Off-side.
5:29 of 2nd period - Chase De Leo wins face-off versus Sean Kuraly in neutral zone.
5:29 of 2nd period - Kevin Czucman is hit by Zach Sanford and loses puck.
5:40 of 2nd period - Shot by Marc Staal.
5:40 of 2nd period - Deflect By Sean Kuraly.
5:40 of 2nd period - Stopped by Connor Ingram without a rebound.
5:41 of 2nd period - Sean Kuraly wins face-off versus Oskar Lindblom in Comets zone.
5:50 of 2nd period - Shot by Oskar Lindblom.
5:50 of 2nd period - Shot Misses the Net.
6:00 of 2nd period - Shot by Oskar Lindblom.
6:00 of 2nd period - Stopped by Carey Price without a rebound.
6:01 of 2nd period - Chase De Leo wins face-off versus Paul Byron in Devils zone.
6:09 of 2nd period - Pierre-Édouard Bellemarre is hit by Josh Archibald and loses puck.
6:14 of 2nd period - Brendan Smith is hit by Paul Byron and loses puck.
6:32 of 2nd period - Icing by Frederik Gauthier.
6:33 of 2nd period - Frederik Gauthier wins face-off versus Sean Kuraly in Comets zone.
6:44 of 2nd period - Shot by Michael Joly.
6:44 of 2nd period - Stopped by Carey Price without a rebound.
6:45 of 2nd period - Paul Byron wins face-off versus Derek Ryan in Devils zone.
6:49 of 2nd period - Off-side.
6:50 of 2nd period - Derek Ryan wins face-off versus Sean Kuraly in neutral zone.
6:53 of 2nd period - Shot by Oskar Lindblom.
6:53 of 2nd period - Stopped by Carey Price with a rebound.
6:55 of 2nd period - Shot by Matt Bartkowski.
6:55 of 2nd period - Shot Misses the Net.
6:57 of 2nd period - Shot by Brendan Smith.
6:57 of 2nd period - Shot Misses the Net.
6:59 of 2nd period - Shot by Matt Bartkowski.
6:59 of 2nd period - Shot Misses the Net.
7:54 of 2nd period - Shot by Michael Raffl.
7:54 of 2nd period - Goal by Michael Raffl - Devils : 2 - Comets : 2.
7:55 of 2nd period - Frederik Gauthier wins face-off versus Paul Byron in neutral zone.
8:10 of 2nd period - Shot by Pavel Gogolev.
8:10 of 2nd period - Stopped by Connor Ingram without a rebound.
8:11 of 2nd period - Trevor Lewis wins face-off versus Cole Cassels in Comets zone.
8:11 of 2nd period - Kevin Czucman is hit by Mackenzie MacEachern.
8:14 of 2nd period - Brandon Davidson is hit by Doyle Somerby.
8:16 of 2nd period - Shot by Trevor Lewis.
8:16 of 2nd period - Goal by Trevor Lewis - Devils : 2 - Comets : 3.
8:17 of 2nd period - Trevor Lewis wins face-off versus Paul Byron in neutral zone.
8:17 of 2nd period - Trevor Lewis is hit by Pierre-Édouard Bellemarre.
8:25 of 2nd period - Shot by Michael Raffl.
8:25 of 2nd period - Shot Misses the Net.
8:27 of 2nd period - Shot by Josh Archibald.
8:27 of 2nd period - Shot Blocked by Michael Anderson.
8:29 of 2nd period - Shot by Brendan Smith.
8:29 of 2nd period - Goal by Brendan Smith - Devils : 2 - Comets : 4.
8:30 of 2nd period - Cole Cassels wins face-off versus Oskar Lindblom in neutral zone.
9:06 of 2nd period - Off-side.
9:07 of 2nd period - Sean Kuraly wins face-off versus Trevor Lewis in neutral zone.
9:07 of 2nd period - Minor Penalty to Josh Archibald for Holding.
9:08 of 2nd period - Oskar Lindblom wins face-off versus Spencer Foo in Comets zone.
9:14 of 2nd period - Icing by Michael Anderson.
9:15 of 2nd period - Sean Kuraly wins face-off versus Oskar Lindblom in Devils zone.
9:33 of 2nd period - Shot by Sean Kuraly.
9:33 of 2nd period - Shot Misses the Net.
9:35 of 2nd period - Shot by Carl Dahlstrom.
9:35 of 2nd period - Shot Misses the Net.
9:37 of 2nd period - Shot by Zach Sanford.
9:37 of 2nd period - Shot Misses the Net.
9:39 of 2nd period - Shot by Carl Dahlstrom.
9:39 of 2nd period - Shot Blocked by Brendan Smith.
9:41 of 2nd period - Shot by Michael Anderson.
9:41 of 2nd period - Shot Misses the Net.
9:43 of 2nd period - Shot by Carl Dahlstrom.
9:43 of 2nd period - Shot Misses the Net.
10:12 of 2nd period - Icing by Paul Byron.
10:13 of 2nd period - Chase De Leo wins face-off versus Paul Byron in Devils zone.
10:17 of 2nd period - Dennis Yan is hit by Doyle Somerby and loses puck.
10:28 of 2nd period - Shot by Doyle Somerby.
10:28 of 2nd period - Shot Misses the Net.
10:30 of 2nd period - Shot by Marc Staal.
10:30 of 2nd period - Stopped by Connor Ingram without a rebound.
10:31 of 2nd period - Paul Byron wins face-off versus Chase De Leo in Comets zone.
11:04 of 2nd period - Icing by Pavel Gogolev.
11:05 of 2nd period - Oskar Lindblom wins face-off versus Paul Byron in Devils zone.
12:21 of 2nd period - Shot by Dennis Yan.
12:21 of 2nd period - Stopped by Carey Price with a rebound.
12:23 of 2nd period - Shot by Brandon Davidson.
12:23 of 2nd period - Stopped by Carey Price with a rebound.
12:40 of 2nd period - Minor Penalty to Chris Terry for Tripping.
12:41 of 2nd period - Paul Byron wins face-off versus Oskar Lindblom in Comets zone.
13:44 of 2nd period - Shot by Spencer Foo.
13:44 of 2nd period - Stopped by Connor Ingram without a rebound.
13:45 of 2nd period - Sean Kuraly wins face-off versus Oskar Lindblom in Comets zone.
13:45 of 2nd period - Sean Kuraly is hit by Brendan Smith.
13:49 of 2nd period - Shot by Carl Dahlstrom.
13:49 of 2nd period - Shot Hit the Post.
13:51 of 2nd period - Shot by Carl Dahlstrom.
13:51 of 2nd period - Stopped by Connor Ingram without a rebound.
13:52 of 2nd period - Oskar Lindblom wins face-off versus Sean Kuraly in Comets zone.
14:10 of 2nd period - Shot by Spencer Foo.
14:10 of 2nd period - Stopped by Connor Ingram with a rebound.
14:12 of 2nd period - Shot by Carl Dahlstrom.
14:12 of 2nd period - Shot Hit the Post.
14:14 of 2nd period - Shot by Sean Kuraly.
14:14 of 2nd period - Shot Misses the Net.
15:55 of 2nd period - Off-side.
15:56 of 2nd period - Paul Byron wins face-off versus Derek Ryan in neutral zone.
16:12 of 2nd period - Shot by Chris Terry.
16:12 of 2nd period - Stopped by Carey Price with a rebound.
16:28 of 2nd period - Shot by Matt Bartkowski.
16:28 of 2nd period - Shot Blocked by Marc Staal.
16:30 of 2nd period - Shot by Brendan Smith.
16:30 of 2nd period - Stopped by Carey Price with a rebound.
16:34 of 2nd period - Shot by Derek Ryan.
16:34 of 2nd period - Stopped by Carey Price with a rebound.
16:55 of 2nd period - Jordan Schmaltz is hit by Carl Dahlstrom and loses puck.
17:28 of 2nd period - Icing by Kevin Czucman.
17:29 of 2nd period - Samuel Houde wins face-off versus Frederik Gauthier in Comets zone.
17:46 of 2nd period - Shot by Samuel Houde.
17:46 of 2nd period - Shot Misses the Net.
17:58 of 2nd period - Shot by Frederik Gauthier.
17:58 of 2nd period - Shot Blocked by Marc Staal.
18:38 of 2nd period - Shot by Cole Cassels.
18:38 of 2nd period - Stopped by Connor Ingram without a rebound.
18:39 of 2nd period - Sean Kuraly wins face-off versus Trevor Lewis in Comets zone.
18:58 of 2nd period - Shot by Sean Kuraly.
18:58 of 2nd period - Stopped by Connor Ingram with a rebound.
19:42 of 2nd period - Shot by Pierre-Édouard Bellemarre.
19:42 of 2nd period - Stopped by Connor Ingram with a rebound.
19:50 of 2nd period - Shot by Pavel Gogolev.
19:50 of 2nd period - Goal by Pavel Gogolev - Devils : 3 - Comets : 4.
19:51 of 2nd period - Cole Cassels wins face-off versus Frederik Gauthier in neutral zone.
Goals for this period are 1 for Devils vs 3 for Comets.
Shots for this period are 14 for Devils vs 14 for Comets.

3rd period


0:01 of 3rd period - Oskar Lindblom wins face-off versus Sean Kuraly in neutral zone.
0:09 of 3rd period - Shot by Derek Ryan.
0:09 of 3rd period - Deflect By Chris Terry.
0:09 of 3rd period - Shot Misses the Net.
0:41 of 3rd period - Shot by Oskar Lindblom.
0:41 of 3rd period - Stopped by Carey Price without a rebound.
0:42 of 3rd period - Paul Byron wins face-off versus Trevor Lewis in Devils zone.
0:57 of 3rd period - Kevin Czucman is hit by Paul Byron and loses puck.
1:14 of 3rd period - Icing by Carl Dahlstrom.
1:15 of 3rd period - Frederik Gauthier wins face-off versus Paul Byron in Devils zone.
1:19 of 3rd period - Icing by Michael Anderson.
1:20 of 3rd period - Paul Byron wins face-off versus Derek Ryan in Devils zone.
1:20 of 3rd period - Paul Byron is hit by Oskar Lindblom.
1:23 of 3rd period - Pavel Gogolev is hit by Oskar Lindblom and loses puck.
1:56 of 3rd period - Shot by Brendan Smith.
1:56 of 3rd period - Deflect By Chris Terry.
1:56 of 3rd period - Stopped by Carey Price without a rebound.
1:57 of 3rd period - Sean Kuraly wins face-off versus Trevor Lewis in Devils zone.
1:57 of 3rd period - Spencer Foo is hit by Josh Archibald and loses puck.
2:02 of 3rd period - Shot by Trevor Lewis.
2:02 of 3rd period - Shot Misses the Net.
2:04 of 3rd period - Shot by Kevin Czucman.
2:04 of 3rd period - Shot Misses the Net.
2:52 of 3rd period - Shot by Dennis Yan.
2:52 of 3rd period - Shot Misses the Net.
2:54 of 3rd period - Shot by Frederik Gauthier.
2:54 of 3rd period - Stopped by Carey Price without a rebound.
2:55 of 3rd period - Paul Byron wins face-off versus Derek Ryan in Devils zone.
2:55 of 3rd period - Paul Byron is hit by Brendan Smith.
3:03 of 3rd period - Icing by Michael Anderson.
3:04 of 3rd period - Derek Ryan wins face-off versus Paul Byron in Devils zone.
3:07 of 3rd period - Shot by Oskar Lindblom.
3:07 of 3rd period - Stopped by Carey Price without a rebound.
3:08 of 3rd period - Derek Ryan wins face-off versus Paul Byron in Devils zone.
3:13 of 3rd period - Shot by Oskar Lindblom.
3:13 of 3rd period - Stopped by Carey Price without a rebound.
3:14 of 3rd period - Paul Byron wins face-off versus Derek Ryan in Devils zone.
3:14 of 3rd period - Carl Dahlstrom is hit by Oskar Lindblom and loses puck.
3:49 of 3rd period - Minor Penalty to Brendan Smith for Hooking.
3:50 of 3rd period - Sean Kuraly wins face-off versus Chase De Leo in Comets zone.
4:09 of 3rd period - Shot by Spencer Foo.
4:09 of 3rd period - Stopped by Connor Ingram without a rebound.
4:10 of 3rd period - Sean Kuraly wins face-off versus Oskar Lindblom in Comets zone.
4:40 of 3rd period - Shot by Doyle Somerby.
4:40 of 3rd period - Shot Blocked by Matt Bartkowski.
4:55 of 3rd period - Shot by Michael Anderson.
4:55 of 3rd period - Shot Misses the Net.
4:57 of 3rd period - Shot by Pierre-Édouard Bellemarre.
4:57 of 3rd period - Stopped by Connor Ingram without a rebound.
4:58 of 3rd period - Paul Byron wins face-off versus Oskar Lindblom in Comets zone.
5:09 of 3rd period - Shot by Paul Byron.
5:09 of 3rd period - Stopped by Connor Ingram with a rebound.
5:11 of 3rd period - Shot by Carl Dahlstrom.
5:11 of 3rd period - Stopped by Connor Ingram without a rebound.
5:12 of 3rd period - Oskar Lindblom wins face-off versus Paul Byron in Comets zone.
5:12 of 3rd period - Oskar Lindblom is hit by Pavel Gogolev.
6:04 of 3rd period - Icing by Ryan Murphy.
6:05 of 3rd period - Sean Kuraly wins face-off versus Trevor Lewis in Devils zone.
6:37 of 3rd period - Shot by Spencer Foo.
6:37 of 3rd period - Deflect By Zach Sanford.
6:37 of 3rd period - Shot Blocked by Josh Archibald.
6:48 of 3rd period - Trevor Lewis is hit by Cal Clutterbuck.
7:03 of 3rd period - Minor Penalty to Anthony Bitetto for Hooking.
7:04 of 3rd period - Chase De Leo wins face-off versus Sean Kuraly in Devils zone.
7:15 of 3rd period - Shot by Chase De Leo.
7:15 of 3rd period - Stopped by Carey Price without a rebound.
7:16 of 3rd period - Sean Kuraly wins face-off versus Chase De Leo in Devils zone.
7:31 of 3rd period - Shot by Oskar Lindblom.
7:31 of 3rd period - Deflect By Chase De Leo.
7:31 of 3rd period - Stopped by Carey Price without a rebound.
7:32 of 3rd period - Chase De Leo wins face-off versus Pavel Gogolev in Devils zone.
7:55 of 3rd period - Shot by Matt Bartkowski.
7:55 of 3rd period - Shot Blocked by Doyle Somerby.
7:57 of 3rd period - Shot by Chris Terry.
7:57 of 3rd period - Stopped by Carey Price without a rebound.
7:58 of 3rd period - Sean Kuraly wins face-off versus Trevor Lewis in Devils zone.
8:07 of 3rd period - Shot by Brandon Davidson.
8:07 of 3rd period - Stopped by Carey Price without a rebound.
8:08 of 3rd period - Sean Kuraly wins face-off versus Trevor Lewis in Devils zone.
8:14 of 3rd period - Icing by Brandon Davidson.
8:15 of 3rd period - Sean Kuraly wins face-off versus Trevor Lewis in Comets zone.
8:24 of 3rd period - Shot by Kevin Czucman.
8:24 of 3rd period - Shot Misses the Net.
8:26 of 3rd period - Shot by Trevor Lewis.
8:26 of 3rd period - Stopped by Carey Price without a rebound.
8:27 of 3rd period - Chase De Leo wins face-off versus Sean Kuraly in Devils zone.
8:32 of 3rd period - Shot by Oskar Lindblom.
8:32 of 3rd period - Shot Misses the Net.
9:01 of 3rd period - Shot by Brendan Smith.
9:01 of 3rd period - Shot Misses the Net.
9:40 of 3rd period - Icing by Michael Anderson.
9:41 of 3rd period - Paul Byron wins face-off versus Frederik Gauthier in Devils zone.
9:41 of 3rd period - Paul Byron is hit by Dennis Yan.
9:53 of 3rd period - Icing by Michael Anderson.
9:54 of 3rd period - Paul Byron wins face-off versus Derek Ryan in Devils zone.
9:58 of 3rd period - Off-side.
9:59 of 3rd period - Derek Ryan wins face-off versus Cole Cassels in neutral zone.
10:06 of 3rd period - Shot by Chris Terry.
10:06 of 3rd period - Stopped by Carey Price without a rebound.
10:07 of 3rd period - Derek Ryan wins face-off versus Sean Kuraly in Devils zone.
10:54 of 3rd period - Off-side.
10:55 of 3rd period - Paul Byron wins face-off versus Trevor Lewis in neutral zone.
11:01 of 3rd period - Icing by Kevin Czucman.
11:02 of 3rd period - Trevor Lewis wins face-off versus Pavel Gogolev in Comets zone.
11:11 of 3rd period - Shot by Michael Raffl.
11:11 of 3rd period - Shot Misses the Net.
11:20 of 3rd period - Off-side.
11:21 of 3rd period - Cole Cassels wins face-off versus Frederik Gauthier in neutral zone.
11:30 of 3rd period - Icing by Markus Niemelainen.
11:31 of 3rd period - Frederik Gauthier wins face-off versus Zach Sanford in Comets zone.
11:53 of 3rd period - Off-side.
11:54 of 3rd period - Paul Byron wins face-off versus Derek Ryan in neutral zone.
12:01 of 3rd period - Shot by Pavel Gogolev.
12:01 of 3rd period - Shot Blocked by Brendan Smith.
12:05 of 3rd period - Shot by Pierre-Édouard Bellemarre.
12:05 of 3rd period - Shot Misses the Net.
12:07 of 3rd period - Shot by Paul Byron.
12:07 of 3rd period - Stopped by Connor Ingram with a rebound.
12:09 of 3rd period - Shot by Michael Anderson.
12:09 of 3rd period - Stopped by Connor Ingram without a rebound.
12:10 of 3rd period - Sean Kuraly wins face-off versus Trevor Lewis in Comets zone.
12:32 of 3rd period - Shot by Zach Sanford.
12:32 of 3rd period - Stopped by Connor Ingram without a rebound.
12:33 of 3rd period - Paul Byron wins face-off versus Derek Ryan in Comets zone.
12:38 of 3rd period - Shot by Paul Byron.
12:38 of 3rd period - Shot Misses the Net.
13:10 of 3rd period - Shot by Matt Bartkowski.
13:10 of 3rd period - Stopped by Carey Price with a rebound.
13:35 of 3rd period - Shot by Trevor Lewis.
13:35 of 3rd period - Stopped by Carey Price without a rebound.
13:36 of 3rd period - Sean Kuraly wins face-off versus Frederik Gauthier in Devils zone.
13:36 of 3rd period - Spencer Foo is hit by Dennis Yan.
13:37 of 3rd period - Icing by Spencer Foo.
13:38 of 3rd period - Trevor Lewis wins face-off versus Sean Kuraly in Devils zone.
14:09 of 3rd period - Shot by Josh Archibald.
14:09 of 3rd period - Stopped by Carey Price without a rebound.
14:10 of 3rd period - Derek Ryan wins face-off versus Cole Cassels in Devils zone.
15:17 of 3rd period - Shot by Zach Sanford.
15:17 of 3rd period - Shot Misses the Net.
15:47 of 3rd period - Marc Staal is hit by Michael Raffl and loses puck.
15:54 of 3rd period - Shot by Kevin Czucman.
15:54 of 3rd period - Shot Blocked by Marc Staal.
15:56 of 3rd period - Shot by Josh Archibald.
15:56 of 3rd period - Stopped by Carey Price without a rebound.
15:57 of 3rd period - Paul Byron wins face-off versus Frederik Gauthier in Devils zone.
16:02 of 3rd period - Shot by Pierre-Édouard Bellemarre.
16:02 of 3rd period - Deflect By Pavel Gogolev.
16:02 of 3rd period - Stopped by Connor Ingram with a rebound.
16:55 of 3rd period - Icing by Anthony Bitetto.
16:56 of 3rd period - Trevor Lewis wins face-off versus Samuel Houde in Devils zone.
17:05 of 3rd period - Shot by Josh Archibald.
17:05 of 3rd period - Stopped by Carey Price with a rebound.
17:07 of 3rd period - Shot by Josh Archibald.
17:07 of 3rd period - Deflect By Michael Raffl.
17:07 of 3rd period - Stopped by Carey Price with a rebound.
17:09 of 3rd period - Shot by Brandon Davidson.
17:09 of 3rd period - Stopped by Carey Price with a rebound.
17:23 of 3rd period - Shot by Samuel Houde.
17:23 of 3rd period - Stopped by Connor Ingram without a rebound.
17:24 of 3rd period - Sean Kuraly wins face-off versus Chase De Leo in Comets zone.
17:24 of 3rd period - Sean Kuraly is hit by Brendan Smith.
18:30 of 3rd period - Minor Penalty to Michael Raffl for Slashing.
18:31 of 3rd period - Chris Terry wins face-off versus Paul Byron in Comets zone.
19:37 of 3rd period - Devils, Carey Price is pulled from the net.
19:39 of 3rd period - Shot by Doyle Somerby.
19:39 of 3rd period - Stopped by Connor Ingram with a rebound.
19:41 of 3rd period - Shot by Doyle Somerby.
19:41 of 3rd period - Shot Blocked by Matt Bartkowski.
19:43 of 3rd period - Shot by Spencer Foo.
19:43 of 3rd period - Shot Misses the Net.
19:45 of 3rd period - Shot by Marc Staal.
19:45 of 3rd period - Shot Misses the Net.
19:47 of 3rd period - Shot by Spencer Foo.
19:47 of 3rd period - Shot Blocked by Brendan Smith.
Goals for this period are 0 for Devils vs 0 for Comets.
Shots for this period are 10 for Devils vs 18 for Comets.